cohdb
Replays
Latest Replays
All Replays
Popular Replays
Top Player Replays
Match Explorer
How It Works
Community
CoH3 Stats
Reddit
Sign in to upload your games and track your stats! →
Sign in with Steam
Match 46358329
Unlisted
Match 46358329
Overview
Messages
Build Orders
End
Engineer Squad
Construct Weapon Support Center
Scout Squad
M1919 Machine Gun Team
M1919 Machine Gun Team
Sniper
Construct Medical Station
Selects Advanced Infantry Battlegroup
Selects Artillery Observers
Infantry Support Center
Artillery Observer Squad
Bazooka Squad
Selects M2A1 105mm Howitzer Emplacement
Engineer Squad
M1919 Machine Gun Team
Advanced Logistics
Bazooka Squad
M1919 Machine Gun Team
Brick_man
天天关注喵
0
0
Comments
sign in to comment!
No comments posted yet!